[Event "Team 45 45 League T30"]
[Site "Internet Chess Club"]
[Date "2006.04.14"]
[Round "3"]
[White "Avedldesierto"]
[Black "RD1974"]
[Result "1-0"]
[WhiteElo "1739"]
[BlackElo "1624"]
[TimeControl "2700+45"]

1. b3 Nf6 2. Bb2 Nc6 3. e3 a6 4. c4 e5 5. Nf3 d6 6. Nc3 Be6 7. Bd3 Nb4 8. Bc2
Qd7 9. a3 Nxc2+ 10. Qxc2 Bf5 11. e4 Bg4 12. Qd1 Be7 13. h3 Be6 14. d3 h6 15. Rc1
Nh5 16. Nxe5 dxe5 17. Qxh5 Qxd3 18. Rd1 Qc2 19. Qe2 Qxb3 20. Nd5 Bd6 21. c5 Bxd5
22. exd5 Bxc5 23. Qxe5+ Kd8 24. O-O f6 25. Qe2 Re8 26. Qd2 Kd7 27. Rb1 Qa4 28.
Qd3 Qe4 29. Qb3 b6 30. Qg3 Re7 31. Rfe1 Qxe1+ 32. Rxe1 Rxe1+ 33. Kh2 Bd6 34. f4
Re7 35. Qg4+ Kd8 36. g3 b5 37. h4 a5 38. Kh3 a4 39. Qf3 b4 40. axb4 Rb8 41. Ba3
Bxb4 42. Qd3 Bxa3 43. Qxa3 Ra8 44. Qc5 a3 45. d6 cxd6 46. Qxd6+ Kc8 47. Qxe7 a2
48. Qf8+ Kb7 49. Qxg7+ Kc8 50. Qf8+ Kb7 51. Qb4+ Kc8 52. Qc3+ Kb7 53. Qa1 Kc7
54. Kg4 Kb6 55. Qxf6+ Kb5 56. Qe5+ Kb4 57. Qe4+ Kb3 58. Qxa8 Kb2 59. Kh5 a1=Q
60. Qxa1+ Kxa1 61. Kxh6 {Black resigns} 1-0  aics%

[Event "Team 45 45 League T30"]
[Site "Internet Chess Club"]
[Date "2006.04.09"]
[Round "3"]
[White "Rainbird"]
[Black "stakastra"]
[Result "1-0"]
[WhiteElo "1689"]
[BlackElo "1547"]
[TimeControl "2700+45"]

1. d4 Nf6 2. c4 e6 3. Nc3 b6 4. e4 h6 5. Bd3 Bb7 6. Nf3 Bb4 7. a3 Bxc3+ 8. bxc3
Bxe4 9. O-O Bxd3 10. Qxd3 O-O 11. Re1 d6 12. a4 Nbd7 13. Ba3 Re8 14. Qc2 c5 15.
Rad1 Qc7 16. Re2 Rac8 17. d5 e5 18. Rde1 e4 19. Nd2 Ne5 20. Nxe4 Nxe4 21. Rxe4
Qd7 22. Kf1 Rf8 23. Bc1 f5 24. Rh4 Qe7 25. Rh3 Qf6 26. Bf4 Rce8 27. Rhe3 Rd8 28.
Bxe5 dxe5 29. Rxe5 Qd6 30. Kg1 Qf6 31. Qd2 Qh4 32. Qd3 Qf4 33. g3 Qg4 34. Kg2 f4
35. Qf3 Qxf3+ 36. Kxf3 fxg3+ 37. Kxg3 Rd6 38. Re6 Rdd8 39. Re7 Rf7 40. Re8+ Rf8
41. R8e7 Rf7 42. Re8+ Rf8 43. Rxd8 Rxd8 44. Re7 Ra8 45. Kf4 Kf8 46. Re6 Rb8 47.
Ke5 Rb7 48. d6 Kf7 49. f4 Kf8 50. Kd5 Kf7 51. Re7+ Rxe7 52. dxe7 Kxe7 53. Kc6 g5
54. fxg5 hxg5 55. Kb7 g4 56. Kxa7 Kf6 57. Kxb6 Kg5 58. a5 Kh4 59. a6 Kh3 60. a7
Kxh2 61. a8=Q g3 62. Kxc5 {Black resigns} 1-0  aics%

[Event "Team 45 45 League T30"]
[Site "Internet Chess Club"]
[Date "2006.04.15"]
[Round "3"]
[White "Klowe"]
[Black "clarinetref"]
[Result "1-0"]
[WhiteElo "1683"]
[BlackElo "1621"]
[TimeControl "2700+45"]

1. e4 d6 2. d4 Nf6 3. Bg5 h6 4. Bxf6 exf6 5. Nf3 Be7 6. Bc4 O-O 7. Nbd2 Nc6 8.
c3 Rb8 9. O-O Na5 10. Bd3 d5 11. exd5 Qxd5 12. Be4 Qb5 13. Qc2 f5 14. Bd3 Qd7
15. Ne5 Qe6 16. Rfe1 Qf6 17. Ndf3 Bd6 18. Re3 Nc6 19. Nxc6 bxc6 20. Rae1 Be6 21.
b3 g6 22. Ne5 Rb6 23. Qd2 f4 24. Rf3 g5 25. h3 Bxe5 26. Rxe5 Rd8 27. Qc2 Qg7 28.
Bf5 Bd5 29. Be4 f6 30. Bxd5+ cxd5 31. Re1 Rbb8 32. Qf5 c6 33. Re6 Rb6 34. Rxf6
c5 35. Rxb6 axb6 36. dxc5 bxc5 37. Rd3 Qf7 38. Qxf7+ Kxf7 39. b4 cxb4 40. cxb4
Ke6 41. Kf1 Rc8 42. a3 Rc1+ 43. Ke2 Rc2+ 44. Kf3 Ke5 45. g3 fxg3 46. fxg3 d4 47.
h4 gxh4 48. gxh4 Rc3 49. Rxc3 dxc3 50. Ke3 c2 51. Kd2 h5 52. b5 c1=Q+ 53. Kxc1
Kd5 54. a4 Kc4 55. Kd2 Kb4 56. Ke3 Kxa4 57. b6 Ka5 58. b7 Kb6 59. b8=Q+ {Black
resigns} 1-0  aics%

[Event "Team 45 45 League T30"]
[Site "Internet Chess Club"]
[Date "2006.04.12"]
[Round "3"]
[White "Just-Jim"]
[Black "caalan"]
[Result "0-1"]
[WhiteElo "1431"]
[BlackElo "1579"]
[TimeControl "2700+45"]

1. Nf3 c6 2. e4 d5 3. exd5 cxd5 4. d4 Nc6 5. Bb5 Nf6 6. Ne5 Bd7 7. Nxd7 Qxd7 8.
Nc3 e6 9. Bg5 Be7 10. Bxf6 Bxf6 11. Bxc6 bxc6 12. O-O O-O 13. Na4 e5 14. c3 Rfe8
15. Nc5 Qf5 16. Nb7 Reb8 17. dxe5 Bxe5 18. Na5 Rxb2 19. Nxc6 Bf6 20. Qc1 Rc2 21.
Qe3 Qe6 22. Qxe6 fxe6 23. Rfe1 Kf7 24. Rab1 Bxc3 25. Rb7+ Kf6 26. Rd1 Rxa2 27.
g3 a5 28. Rd3 Rc2 29. Rf3+ Kg5 30. Rb3 Bf6 31. h4+ Kg4 32. Rf4+ Kh3 33. Nd4 Rc1#
{White checkmated} 0-1  aics%

[Event "Team 45 45 League T30"]
[Site "Internet Chess Club"]
[Date "2006.04.08"]
[Round "3"]
[White "Ghostblaster"]
[Black "nursey"]
[Result "0-1"]
[WhiteElo "1690"]
[BlackElo "1665"]
[TimeControl "2700+45"]

1. d4 d5 2. c4 e6 3. Nf3 Nf6 4. Nc3 Be7 5. e3 O-O 6. Bd3 dxc4 7. Bxc4 Nbd7 8.
O-O Nb6 9. Bd3 c5 10. Qe2 cxd4 11. exd4 Nbd5 12. a3 b6 13. Re1 Bb7 14. Bd2 Rc8
15. Rac1 Qd7 16. Ne5 Qd6 17. Nb5 Qb8 18. g4 Rxc1 19. Rxc1 Rd8 20. g5 Nd7 21.
Nxf7 Kxf7 22. Qh5+ Kf8 23. Qxh7 N7f6 24. Qh8+ Ng8 25. Bh7 Kf7 26. g6+ Kf6 27.
Bxg8 Rxg8 28. Qh5 Nf4 29. Qh4+ Kf5 30. Qxe7 Ne2+ 31. Kf1 Nxc1 32. Qg5+ Ke4 33.
Nc3+ Kd3 34. Qe3+ Kc2 35. Bxc1 Qxh2 36. Qd2+ Kb3 37. Qd1+ Kc4 38. Qe2+ Kb3 39.
Qxe6+ Kc2 40. Qe2+ Kxc1 41. Na2+ Kb1 42. Nc3+ Ka1 43. Qe6 Ba6+ 44. Ke1 Qg1+ 45.
Kd2 Qxf2+ 46. Kd1 Qxd4+ 47. Ke1 Qg1+ 48. Kd2 Rd8+ 49. Kc2 Qg2+ 50. Kb3 Qxb2+ 51.
Ka4 Qc2+ 52. Kb4 Rd4+ {White resigns} 0-1  aics%

[Event "Team 45 45 League T30"]
[Site "Internet Chess Club"]
[Date "2006.04.09"]
[Round "3"]
[White "peatmoss"]
[Black "autobot"]
[Result "0-1"]
[WhiteElo "1517"]
[BlackElo "1603"]
[TimeControl "2700+45"]

1. e4 c6 2. d4 d5 3. exd5 cxd5 4. Nf3 Nc6 5. Nc3 Bg4 6. h3 Bh5 7. g4 Bg6 8. Bb5
a6 9. Ba4 b5 10. Nxb5 axb5 11. Bxb5 Qa5+ {White resigns} 0-1  aics%

[Event "Team 45 45 League T30"]
[Site "Internet Chess Club"]
[Date "2006.04.10"]
[Round "3"]
[White "BenjaminSisko"]
[Black "kutch"]
[Result "1-0"]
[WhiteElo "1591"]
[BlackElo "1487"]
[TimeControl "2700+45"]

1. e4 c6 2. d3 d5 3. Nd2 e5 4. g3 Nf6 5. Bg2 Be7 6. Ngf3 Bg4 7. h3 Bxf3 8. Qxf3
Nbd7 9. c3 dxe4 10. dxe4 Nc5 11. Bf1 Qd7 12. b4 Ne6 13. Nc4 Qc7 14. Bg2 O-O-O
15. O-O Rhf8 16. a4 h6 17. Be3 Kb8 18. Rfd1 Rxd1+ 19. Qxd1 Rd8 20. Qc2 g5 21.
Rd1 Rxd1+ 22. Qxd1 h5 23. a5 g4 24. Qd3 Ne8 25. a6 b5 26. Na5 Nc5 27. Qd1 Nxa6
28. hxg4 hxg4 29. Qxg4 c5 30. Qg8 Qd7 31. Bh3 Qd1+ 32. Kg2 Qd3 33. Qxe8+ Bd8 34.
Nc6+ Kc7 35. Nxd8 Qxe4+ 36. Kh2 Qd5 37. Qe7+ Qd7 38. Qxd7+ {Black resigns} 1-0 
aics%

[Event "Team 45 45 League T30"]
[Site "Internet Chess Club"]
[Date "2006.04.07"]
[Round "3"]
[White "BosqueVerde"]
[Black "mrmarck"]
[Result "1-0"]
[WhiteElo "1232"]
[BlackElo "1410"]
[TimeControl "2700+45"]

1. d4 d5 2. c4 e6 3. Nc3 Nf6 4. Bg5 c6 5. Bxf6 Qxf6 6. Nf3 Nd7 7. e3 c5 8. cxd5
cxd4 9. exd4 Bb4 10. dxe6 fxe6 11. Bd3 Nb6 12. O-O O-O 13. Qc2 g6 14. a3 Bd6 15.
Ne4 Qe7 16. Nxd6 Qxd6 17. Rac1 Qf4 18. h4 e5 19. h5 Bf5 20. hxg6 Bxg6 21. Bxg6
hxg6 22. Qxg6+ Kh8 23. Rc7 {Black resigns} 1-0  aics%

[Event "Team 45 45 League T30"]
[Site "Internet Chess Club"]
[Date "2006.04.09"]
[Round "3"]
[White "billarvola"]
[Black "Centrum"]
[Result "0-1"]
[WhiteElo "2013"]
[BlackElo "2242"]
[TimeControl "2700+45"]

1. d4 Nf6 2. c4 c5 3. d5 b5 4. cxb5 a6 5. b6 Qxb6 6. Nc3 d6 7. Nf3 g6 8. g3 Bg7
9. Bg2 O-O 10. O-O a5 11. Re1 Na6 12. Nd2 Nc7 13. Rb1 Ba6 14. Qc2 Nd7 15. b3 Nb5
16. Nxb5 Bxb5 17. a4 Ba6 18. Nc4 Qc7 19. Bd2 Bb7 20. Bc3 Rfb8 21. Bxg7 Kxg7 22.
Qc3+ f6 23. e4 Nb6 24. Na3 Ba6 25. Bf1 c4 26. Nxc4 Bxc4 27. Bxc4 Nxc4 28. bxc4
Rxb1 29. Rxb1 Rc8 30. Rc1 Qc5 31. Kg2 Rb8 32. f4 Rb4 33. e5 Rxa4 34. exf6+ exf6
35. Rb1 Ra2+ 36. Rb2 Rxb2+ 37. Qxb2 Qxc4 38. Qb7+ Kh6 39. Qa8 a4 40. Qf8+ Kh5
41. Qxd6 Qe2+ 42. Kg1 Kg4 43. Qxf6 Qe1+ 44. Kg2 Qd2+ {White forfeits on time}
0-1  aics%

[Event "Team 45 45 League T30"]
[Site "Internet Chess Club"]
[Date "2006.04.07"]
[Round "3"]
[White "Nomad"]
[Black "nminwalla"]
[Result "0-1"]
[WhiteElo "1956"]
[BlackElo "2064"]
[TimeControl "2700+45"]

1. e4 c5 2. c3 Nf6 3. e5 Nd5 4. d4 cxd4 5. Nf3 Nc6 6. cxd4 d6 7. Bc4 Nb6 8. Bb5
dxe5 9. Nxe5 Bd7 10. Nxc6 Bxc6 11. Bxc6+ bxc6 12. O-O e6 13. Nc3 Be7 14. Bf4 O-O
15. Rc1 Qd7 16. Na4 Rfd8 17. Nc5 Qxd4 18. Qxd4 Rxd4 19. Be3 Rd5 20. Na6 Ra5 21.
Nc7 Rc8 22. Rxc6 Bd8 23. Bxb6 axb6 24. Rd1 f6 25. Rd7 Rxa2 26. g3 Bxc7 27. Rxe6
Be5 28. Ree7 Kh8 29. Rxg7 f5 30. Rxh7+ Kg8 31. Rhe7 Bxb2 32. Re2 Ra1+ 33. Kg2
Rb1 34. h4 b5 35. h5 b4 36. h6 Rb8 37. Re6 b3 38. Rg6+ Kh8 39. Rc6 Rc1 40. Re6
Ba1 41. Ree7 Bc3 42. Kf3 b2 43. Kf4 b1=Q 44. Kg5 Rg8+ 45. Kf4 Qb8+ 46. Kf3 Qa8+
47. Kf4 Rg4+ 48. Kxf5 Qf3+ 49. Ke6 Re1+ 50. Kd6 Rxe7 {White resigns} 0-1  aics%

[Event "Team 45 45 League T30"]
[Site "Internet Chess Club"]
[Date "2006.04.09"]
[Round "3"]
[White "vvsi"]
[Black "Squaredance"]
[Result "1/2-1/2"]
[WhiteElo "1816"]
[BlackElo "1929"]
[TimeControl "2700+45"]

1. e4 d5 2. exd5 Qxd5 3. Nc3 Qa5 4. Bc4 c6 5. d3 Bf5 6. Bd2 Nf6 7. Nge2 e6 8.
O-O Qc7 9. Ng3 Bg6 10. Bg5 h6 11. Be3 Nbd7 12. Qe2 Bd6 13. Rfe1 O-O-O 14. a4 Kb8
15. Nce4 Nxe4 16. dxe4 Ka8 17. a5 h5 18. Bd4 Bxg3 19. fxg3 Nf6 20. Bxf6 gxf6 21.
e5 Qxe5 22. Qxe5 fxe5 23. c3 Rd2 24. Re2 Rhd8 25. Kf2 Kb8 26. Ke3 Rxe2+ 27. Kxe2
Rd6 28. Rd1 Rxd1 29. Kxd1 Be4 30. Be2 Bg6 31. h4 f5 32. Kd2 Kc7 33. b4 Kd6 34.
Bc4 f4 35. g4 hxg4 36. Be2 Bh5 37. Kd3 f3 38. gxf3 gxf3 39. Bf1 Bg6+ 40. Ke3 e4
41. Bc4 Ke5 42. Bb3 Kf5 43. Bc4 Ke5 44. Bb3 Bf5 45. Bc4 Kf6 46. b5 Kg6 47. a6 b6
48. bxc6 e5 49. Bd5 Kh5 50. c7 Kxh4 51. Bxe4 Bd7 52. Bxf3 Kg5 53. Ke4 Kf6 54.
Kd5 Bc8 55. Be2 e4 56. Kc6 Ke5 57. Bh5 Bxa6 58. c4 Kd4 59. Be2 Bc8 60. Kb5 Ke3
61. Bh5 Kd2 62. c5 bxc5 63. Kxc5 e3 64. Kb4 e2 65. Bxe2 Kxe2 66. Kb3 Ke3 67. Kb2
Kd4 68. Ka3 Kc5 69. Kb3 Kc6 70. Kb4 Kxc7 71. Ka4 Kb6 72. Kb4 Bd7 73. Kb3 Kb5 74.
Ka3 Kc4 75. Kb2 Kb4 76. Ka2 Kc3 77. Kb1 Be6 78. Ka1 Kb3 79. Kb1 Bf5+ 80. Ka1 Bc2
{White stalemated} 1/2-1/2  aics% 



EL-BUHO(FM)(71): yo duermo de dia pero soy candela de noche por eso me pusieron buho
aics%

[Event "ICC 45 45"]
[Site "Internet Chess Club"]
[Date "2006.04.10"]
[Round "3"]
[White "tourettes"]
[Black "kabindra"]
[Result "1-0"]
[WhiteElo "1752"]
[BlackElo "1758"]
[TimeControl "2700+45"]

1. e4 e5 2. Nf3 Nc6 3. Bb5 a6 4. Ba4 Nf6 5. d3 b5 6. Bb3 Bc5 7. O-O Bb7 8. c3
Bb6 9. h3 Qe7 10. Re1 d6 11. Nbd2 h6 12. Nf1 O-O 13. Ng3 Bc8 14. a4 Rb8 15. axb5
axb5 16. Be3 Bxe3 17. Rxe3 b4 18. Nh4 Qd8 19. Nhf5 bxc3 20. bxc3 Ne7 21. Nxe7+
Qxe7 22. d4 c5 23. dxc5 dxc5 24. Bc4 Be6 25. Nf5 Bxf5 26. exf5 Rfe8 27. f4 Qc7
28. fxe5 Rxe5 29. Ra7 Qxa7 30. Rxe5 Qa5 31. Qd2 Rd8 32. Qe3 Qa1+ 33. Kh2 Rd1 34.
Re7 Rh1+ 35. Kg3 Nh5+ 36. Kh4 Qa4 37. Re4 Qd7 38. g4 Nf6 39. Re7 g5+ 40. fxg6
Rxh3+ 41. Kxh3 Qxg4+ 42. Kh2 Qxc4 43. gxf7+ Kf8 44. Qxh6+ Kxe7 45. f8=Q+ Kd7 46.
Qhg7+ {Black resigns} 1-0  aics%

[Event "Team 45 45 League T30"]
[Site "Internet Chess Club"]
[Date "2006.04.07"]
[Round "3"]
[White "reinaroja"]
[Black "Legal"]
[Result "1-0"]
[WhiteElo "2142"]
[BlackElo "2034"]
[TimeControl "2700+45"]

1. e4 d5 2. exd5 Nf6 3. d4 Bg4 4. f3 Bf5 5. Bb5+ Nbd7 6. c4 a6 7. Bxd7+ Qxd7 8.
Ne2 e6 9. dxe6 fxe6 10. Nbc3 O-O-O 11. Bf4 Rg8 12. Qb3 g5 13. Be5 Ne8 14. Ng3
Nd6 15. c5 Nf7 16. c6 bxc6 17. O-O-O Bg6 18. Nge4 Be7 19. Bf6 Bxe4 20. Nxe4 Rde8
21. Nc5 Bxc5 22. dxc5 Nd6 23. cxd6 cxd6 24. Be5 {Black resigns} 1-0  aics%

[Event "Team 45 45 League T30"]
[Site "Internet Chess Club"]
[Date "2006.04.14"]
[Round "3"]
[White "jonesey"]
[Black "MiroslavR"]
[Result "1-0"]
[WhiteElo "2011"]
[BlackElo "1970"]
[TimeControl "2700+45"]

1. e4 e6 2. d4 d5 3. e5 c5 4. c3 Nc6 5. Nf3 Qb6 6. Bd3 cxd4 7. cxd4 Bd7 8. O-O
Nxd4 9. Nxd4 Qxd4 10. Nc3 a6 11. Qf3 Qxe5 12. Bf4 Qf6 13. Qg3 Ne7 14. Rfe1 Bc6
15. Rad1 Nf5 16. Qh3 O-O-O 17. Rc1 Bb4 18. Na4 Bd6 19. Bd2 Kb8 20. Nc5 Bxc5 21.
Rxc5 Rc8 22. Bf4+ Ka8 23. Ra5 Ka7 24. b4 Qc3 25. Rb1 {Black forfeits on time}
1-0  aics%

[Event "Team 45 45 League T30"]
[Site "Internet Chess Club"]
[Date "2006.04.08"]
[Round "3"]
[White "Gandalf"]
[Black "Bort"]
[Result "1/2-1/2"]
[WhiteElo "1716"]
[BlackElo "2006"]
[TimeControl "2700+45"]

1. d4 Nf6 2. Nf3 g6 3. Bg5 Bg7 4. Nbd2 d5 5. e3 O-O 6. Bd3 Bg4 7. h3 Bxf3 8.
Qxf3 c6 9. O-O Nbd7 10. e4 dxe4 11. Nxe4 Nxe4 12. Qxe4 Qb6 13. Qxe7 Qxd4 14. Be3
Qd5 15. Rad1 Rfe8 16. Qb4 c5 17. Qa4 Nb6 18. Qa3 Nc4 19. Bxc4 Qxc4 20. c3 b6 21.
Rd7 Qb5 22. Rfd1 Bd4 23. Rxa7 Rxa7 24. Qxa7 Bxe3 25. fxe3 Qe2 26. Rf1 Qxe3+ 27.
Kh1 Qe6 28. a4 Re7 29. Qb8+ Kg7 30. Qf4 f5 31. Rf2 {Game drawn by mutual
agreement} 1/2-1/2  aics%

[Event "Team 45 45 League T30"]
[Site "Internet Chess Club"]
[Date "2006.04.06"]
[Round "3"]
[White "forketta"]
[Black "rayonline53"]
[Result "1-0"]
[WhiteElo "1948"]
[BlackElo "1701"]
[TimeControl "2700+45"]

1. d4 Nf6 2. c4 e6 3. Nc3 Bb4 4. Qc2 d5 5. cxd5 Nxd5 6. e4 Nxc3 7. bxc3 Be7 8.
Nf3 O-O 9. Bd3 h6 10. O-O b6 11. Ne5 Bb7 12. f4 Nc6 13. Ng4 Na5 14. f5 exf5 15.
Rxf5 c5 16. Nxh6+ gxh6 17. Bxh6 cxd4 18. Qe2 dxc3 19. Qg4+ {Black resigns} 1-0 
aics%

[Event "Team 45 45 League T30"]
[Site "Internet Chess Club"]
[Date "2006.04.08"]
[Round "3"]
[White "houseofcook"]
[Black "SargentBono"]
[Result "0-1"]
[WhiteElo "1346"]
[BlackElo "1501"]
[TimeControl "2700+45"]

1. e4 c5 2. Nf3 Nc6 3. d4 cxd4 4. c3 dxc3 5. Nxc3 e6 6. Bc4 Qc7 7. O-O Nf6 8.
Nb5 Qb8 9. Re1 a6 10. Nc3 b5 11. Bb3 b4 12. Na4 d6 13. Qc2 Na5 14. Be3 Bb7 15.
Bb6 Nxb3 16. axb3 Qc8 17. Qd3 Qd7 18. Ba5 Qb5 19. Qxb5+ axb5 20. Bxb4 bxa4 21.
bxa4 Be7 22. Nd2 O-O 23. e5 Nd5 24. Bxd6 Bxd6 25. exd6 Rfd8 26. Nc4 Nf4 27. f3
Ba6 28. Re4 Nd3 29. b3 Bxc4 30. Rxc4 Rxd6 31. Rc3 Nb4 32. Rac1 Kf8 33. Rc4 Rb6
34. R1c2 {White resigns} 0-1  aics%

[Event "Team 45 45 League T30"]
[Site "Internet Chess Club"]
[Date "2006.04.10"]
[Round "3"]
[White "CDGuyHall"]
[Black "EyeAm"]
[Result "0-1"]
[WhiteElo "1165"]
[BlackElo "1279"]
[TimeControl "2700+45"]

1. e4 e5 2. Nf3 Nf6 3. d3 Nc6 4. Bg5 Be7 5. Be2 O-O 6. O-O d5 7. exd5 Nxd5 8.
Bxe7 Qxe7 9. d4 e4 10. Ne5 Nxe5 11. dxe5 Qxe5 12. Re1 Bf5 13. Nc3 Nxc3 14. bxc3
Qxc3 15. Qd5 Bg6 16. Rad1 Qc6 17. Qb3 Qb6 18. Qg3 Rad8 19. Rb1 Qc6 20. Bb5 Qxc2
21. Rec1 Qxa2 22. Qxc7 e3 23. fxe3 Bxb1 24. Bc4 Qd2 25. Rxb1 Qxe3+ 26. Kf1 Rd2
27. Qg3 Qxg3 28. hxg3 Rc8 29. Bb3 b6 30. Re1 Rb2 31. Bd1 Kf8 32. Bg4 Rcc2 33.
Bd7 Rf2+ 34. Kg1 Rxg2+ 35. Kh1 Rh2+ 36. Kg1 Rbg2+ 37. Kf1 Rf2+ 38. Kg1 Rhg2+ 39.
Kh1 g6 40. Re8+ Kg7 41. Bh3 Rxg3 {White resigns} 0-1  aics%

[Event "Team 45 45 League T30"]
[Site "Internet Chess Club"]
[Date "2006.04.09"]
[Round "3"]
[White "arconia"]
[Black "NineMilly"]
[Result "0-1"]
[WhiteElo "1356"]
[BlackElo "1201"]
[TimeControl "2700+45"]

1. e4 e6 2. d4 d5 3. e5 c5 4. c3 Nc6 5. Nf3 Qb6 6. Be3 Qxb2 7. Nbd2 Qxc3 8. Rc1
Qb2 9. Rc2 Qb4 10. dxc5 g6 11. Qa1 Nh6 12. Rb2 Qc3 13. Bb5 Bd7 14. O-O Bg7 15.
Nb3 Bxe5 16. Bd2 Qxb2 17. Nxe5 Qxa1 18. Rxa1 Nxe5 19. Bxd7+ Nxd7 20. Bxh6 Rc8
21. Rc1 b6 22. c6 Nb8 23. Nd4 e5 24. Nb5 Rxc6 25. Rxc6 Nxc6 26. Nc7+ Kd7 27.
Nxd5 Rb8 28. Nf6+ Ke6 29. Nxh7 Rh8 30. Nf8+ Ke7 31. Nxg6+ fxg6 32. Bg5+ Ke6 33.
h4 Kf5 34. g3 b5 35. Kg2 b4 36. f3 b3 37. axb3 Rb8 38. g4+ Ke6 39. h5 gxh5 40.
gxh5 Kf5 41. Bd2 Rxb3 42. h6 Ne7 43. h7 Ng6 44. Kf2 Rb7 45. h8=Q Nxh8 46. Kg3 e4
47. f4 Rb3+ 48. Kf2 Ng6 49. Be3 a5 50. Bd4 {White resigns} 0-1  aics%

[Event "Team 45 45 League T30"]
[Site "Internet Chess Club"]
[Date "2006.04.09"]
[Round "3"]
[White "Tom45"]
[Black "WzeroMN"]
[Result "1/2-1/2"]
[WhiteElo "1220"]
[BlackElo "1155"]
[TimeControl "2700+45"]

1. e4 e5 2. Nf3 Nc6 3. Nc3 Nf6 4. Bc4 Bc5 5. O-O O-O 6. d3 d6 7. Bg5 Bg4 8. h3
Bxf3 9. Qxf3 Nd4 10. Qd1 c6 11. a3 a5 12. Na4 Ba7 13. b4 b5 14. c3 Ne6 15. Bxe6
fxe6 16. Nb2 a4 17. Qd2 Qe8 18. Bxf6 Rxf6 19. d4 Qd8 20. dxe5 dxe5 21. Qxd8+
Rxd8 22. Rad1 Rxd1 23. Nxd1 {Game drawn by mutual agreement} 1/2-1/2  aics%

[Event "Team 45 45 League T30"]
[Site "Internet Chess Club"]
[Date "2006.04.08"]
[Round "3"]
[White "fuzzface"]
[Black "engeln"]
[Result "1-0"]
[WhiteElo "1358"]
[BlackElo "1419"]
[TimeControl "2700+45"]

1. d4 d5 2. g3 Nc6 3. c3 Nf6 4. Bg2 e5 5. Bg5 Be7 6. Bxf6 Bxf6 7. dxe5 Nxe5 8.
e3 c6 9. h3 O-O 10. Ne2 Be6 11. O-O Qd7 12. Nf4 Ng6 13. Nxe6 fxe6 14. Nd2 Rae8
15. Ne4 Qc7 16. Nxf6+ Rxf6 17. Qd2 Rd8 18. Qe2 e5 19. Rad1 e4 20. c4 Qe5 21. f4
exf3 22. Rxf3 d4 23. Kh2 Rxf3 24. Bxf3 Nh4 25. exd4 Nxf3+ 26. Qxf3 Rxd4 27. Rxd4
Qxd4 28. Qe2 Kf7 29. b3 a6 30. Qh5+ Ke6 31. Qe8+ Kf6 32. Qe2 b5 33. h4 c5 34.
cxb5 axb5 35. Qf3+ Ke5 36. Qe2+ Qe4 37. Qxb5 Qc2+ 38. Kh3 Qxa2 39. Qxc5+ Kf6 40.
Qd4+ Kf7 41. Qd5+ Kf8 42. Qf5+ Kg8 43. Qc8+ Kf7 44. Qd7+ Kf6 45. Qd8+ Kf7 46.
Qd5+ Ke7 47. Qe4+ Kf7 48. Qf5+ Kg8 49. Qe6+ Kf8 50. Qc8+ Kf7 51. Qc4+ Kf6 52.
Qf4+ Ke7 53. b4 Qb1 54. Qc7+ Kf6 55. Qd6+ Kf7 56. Qd7+ Kf6 57. Qd8+ Kf7 58. Qd7+
Kf6 59. b5 h5 60. Qc6+ Kf7 61. Qd5+ Kg6 62. Qg5+ Kf7 63. Qxh5+ Kf8 64. Qc5+ Kg8
65. b6 Qh1+ 66. Kg4 Qb7 67. Qc7 Qe4+ 68. Kh3 Qh1+ 69. Kg4 Qe4+ 70. Qf4 Qe6+ 71.
Qf5 Qxb6 72. Qc8+ Kf7 73. Qd7+ Kg8 74. Qe8+ Kh7 75. Qh5+ Kg8 76. Qe8+ Kh7 77. h5
Qd4+ 78. Kh3 Qf6 79. Qe4+ Kg8 80. g4 Qc3+ 81. Kh4 Qf6+ 82. g5 Qf2+ 83. Kg4 Qg1+
84. Kf5 Qf1+ 85. Ke5 Qf7 86. Qd5 Qxd5+ 87. Kxd5 Kf7 88. Ke5 g6 89. h6 Kg8 90.
Kf6 Kh7 91. Kf7 Kh8 92. Kxg6 Kg8 93. Kf6 Kh8 94. g6 Kg8 95. h7+ Kh8 96. g7+ Kxh7
97. Kf7 Kh6 98. g8=Q Kh5 99. Kf6 Kh4 100. Kf5 Kh3 101. Kf4 {Black resigns} 1-0 
aics%

[Event "Team 45 45 League T30"]
[Site "Internet Chess Club"]
[Date "2006.04.05"]
[Round "3"]
[White "cazj"]
[Black "ChessZak"]
[Result "1/2-1/2"]
[WhiteElo "1361"]
[BlackElo "1395"]
[TimeControl "2700+45"]

1. e4 c5 2. c3 g6 3. d4 cxd4 4. cxd4 Bg7 5. Nf3 Nf6 6. Nc3 O-O 7. Bc4 d6 8. O-O
Bg4 9. Bg5 Nc6 10. d5 Ne5 11. Be2 Qb6 12. h3 Bxf3 13. Bxf3 Nxf3+ 14. Qxf3 Qxb2
15. Rab1 Qa3 16. Rxb7 Rfe8 17. Re1 Rac8 18. Re3 h6 19. Bh4 g5 20. Bg3 Nh7 21.
Nb5 Qxa2 22. Bxd6 Qa1+ 23. Kh2 Be5+ 24. Bxe5 Qxe5+ 25. g3 Rb8 26. Rxb8 Rxb8 27.
Nxa7 Qf6 28. Nc6 Qxf3 29. Rxf3 Re8 30. e5 e6 31. d6 Nf8 32. g4 Nd7 33. Kg3 Kg7
34. h4 Rc8 35. Rc3 Nxe5 36. d7 Nxd7 37. Rc2 Ne5 38. Nd4 Rxc2 39. Nxc2 gxh4+ 40.
Kxh4 Kg6 41. Nd4 Nd3 42. f3 Ne1 43. Kg3 h5 44. f4 hxg4 45. Kxg4 Nd3 46. Ne2 f5+
47. Kf3 Nxf4 48. Nxf4+ Kf6 49. Nd3 e5 50. Nf2 Ke6 51. Ke3 Kd5 52. Nd3 f4+ 53.
Nxf4+ exf4+ 54. Kxf4 {Game drawn because neither player has mating material}
1/2-1/2

[Event "Team 45 45 League T30"]
[Site "Internet Chess Club"]
[Date "2006.04.10"]
[Round "3"]
[White "klt713"]
[Black "Midwest-Rook"]
[Result "0-1"]
[WhiteElo "1297"]
[BlackElo "1319"]
[TimeControl "2700+45"]

1. d4 d5 2. c4 e6 3. Nc3 Nf6 4. Nf3 Bb4 5. Bg5 h6 6. Bxf6 Qxf6 7. e3 Bxc3+ 8.
bxc3 dxc4 9. Bxc4 c6 10. Bb3 Nd7 11. O-O O-O 12. Re1 e5 13. dxe5 Nxe5 14. Nxe5
Qxe5 15. Rc1 Qg5 16. Qc2 Bh3 17. g3 Qg4 18. Qe2 Qe4 19. f3 Qe5 20. Qf2 Be6 21.
Qg2 Rad8 22. e4 Rd6 23. f4 Qc5+ 24. Kh1 Rfd8 25. e5 Rd5 26. Qg1 Qxg1+ 27. Kxg1
Rd2 28. Red1 Rxd1+ 29. Rxd1 Rxd1+ 30. Bxd1 Bxa2 31. Kf2 Kf8 32. Bg4 Be6 33. Bxe6
fxe6 34. Ke3 Ke7 35. Kd4 b6 36. c4 Kd7 37. h4 a5 38. Kc3 b5 39. cxb5 cxb5 40. g4
Kc6 41. f5 exf5 42. gxf5 Kd5 43. f6 gxf6 44. exf6 Ke6 45. Kd4 Kxf6 46. Kc5 a4
47. Kb4 Kf5 48. Kc3 Kg4 49. Kb2 Kxh4 50. Kc2 Kg3 51. Kc3 h5 52. Kd2 Kg2 {White
resigns} 0-1  aics%

[Event "Team 45 45 League T30"]
[Site "Internet Chess Club"]
[Date "2006.04.10"]
[Round "3"]
[White "WannaB"]
[Black "ffplayer"]
[Result "0-1"]
[WhiteElo "1026"]
[BlackElo "1161"]
[TimeControl "2700+45"]

1. e4 e5 2. Nf3 Nc6 3. d4 d6 4. Bc4 exd4 5. O-O Bg4 6. Qd3 Nf6 7. h3 Bxf3 8.
Qxf3 Ne5 9. Qb3 Nxc4 10. Qxc4 Nxe4 11. Qxd4 Nf6 12. Re1+ Be7 13. Nc3 O-O 14. Ne4
c5 15. Qc4 d5 16. Qa4 Nxe4 17. f3 Nf6 18. Bg5 b6 19. Bxf6 Bxf6 20. c3 d4 21.
Red1 Re8 22. Qc2 Re3 23. Kf2 Bh4+ 24. Kg1 d3 25. Rxd3 Rxd3 26. Rd1 Rxd1+ 27. Kh2
Qc7+ 28. g3 Qxg3# {White checkmated} 0-1  aics%

[Event "Team 45 45 League T30"]
[Site "Internet Chess Club"]
[Date "2006.04.06"]
[Round "3"]
[White "anandrulez"]
[Black "gartman"]
[Result "1-0"]
[WhiteElo "1780"]
[BlackElo "1623"]
[TimeControl "2700+45"]

1. e4 c5 2. Nf3 d6 3. d4 cxd4 4. Nxd4 Nf6 5. Nc3 a6 6. Be3 e5 7. Nb3 Be6 8. f3
Nbd7 9. Qd2 b5 10. g4 Nb6 11. g5 Nfd7 12. Nd5 Bxd5 13. exd5 Rc8 14. O-O-O Be7
15. h4 O-O 16. Na5 Nb8 17. Bh3 Nc4 18. Nxc4 Rxc4 19. b3 Rxh4 20. Bf5 Rxh1 21.
Rxh1 g6 22. Qh2 h5 23. gxh6 Bg5 24. f4 exf4 25. Bxf4 Bxf4+ 26. Qxf4 Qf6 27. h7+
Kh8 28. Qh6 Re8 29. Bd3 Nd7 30. Rf1 Qd4 31. Qg5 Nc5 32. Qf6+ Qxf6 33. Rxf6 Nxd3+
34. cxd3 Kxh7 35. Rxf7+ Kh6 36. Rf6 Rd8 37. Kd2 Kg5 38. Re6 Kf5 39. Ke3 g5 40.
Kf3 b4 41. Kg3 a5 42. Re7 Rg8 43. Ra7 Ke5 44. Rxa5 Kd4 45. Rb5 Kc3 46. Rb6 Rg6
47. Kg4 Kxd3 48. Rxb4 Kc3 49. Rc4+ Kd3 50. a4 Rg8 51. Rb4 Kc3 52. Rb6 Rg6 53. a5
Kd4 54. a6 Kc5 55. a7 {Black resigns} 1-0  aics%

[Event "Team 45 45 League T30"]
[Site "Internet Chess Club"]
[Date "2006.04.08"]
[Round "3"]
[White "C-Jones"]
[Black "ElmerHo"]
[Result "1/2-1/2"]
[WhiteElo "1580"]
[BlackElo "1644"]
[TimeControl "2700+45"]

1. e4 e5 2. Nf3 Nf6 3. Nc3 Nc6 4. Bc4 Nxe4 5. Nxe4 d5 6. Bb5 dxe4 7. Nxe5 Qg5 8.
Nxc6 Qxb5 9. Nd4 Qg5 10. Kf1 Bc5 11. Nb3 Bb6 12. Qe1 Bf5 13. d3 Qe7 14. Be3 exd3
15. Bxb6 axb6 16. Qc3 O-O 17. cxd3 Rfd8 18. d4 Rd5 19. f3 Qd7 20. Kf2 c5 21.
Rhd1 Rd8 22. Ke3 Re8+ 23. Kf2 Rd8 24. Ke3 Re8+ 25. Kf2 Rd8 {Game drawn by
repetition} 1/2-1/2  aics%